 Dungeon Crawl Stone Soup version 0.29.1-15-g9cfb28693d (webtiles) character file.

Game seed: 4957803435068017294

56 EarthwalkerPL the Shield-Bearer (level 4, 0/37 HPs)
             Began as a Formicid Fighter on Mar 15, 2023.
             Slain by Robin
             ... wielding a +0 club
              (2 damage)
             ... on level 3 of the Dungeon.
             The game lasted 00:01:43 (1573 turns).

EarthwalkerPL the Shield-Bearer (Formicid Fighter)  Turns: 1573, Time: 00:01:44

Health: 0/37       AC:  7    Str: 22    XL:     4   Next: 17%
Magic:  4/4        EV:  9    Int:  8    God:
Gold:   67         SH:  5    Dex: 13    Spells: 3/3 levels left

rFire   . . .      SeeInvis +   a - +0 war axe
rCold   . . .      Faith    .   c - +0 buckler
rNeg    . . .      Spirit   .   b - +0 scale mail
rPois   .          Reflect  .   (helmet unavailable)
rElec   .          Harm     .   (no cloak)
rCorr   .          Rampage  .   (no gloves)
Will    .....                   (no boots)
Stlth   ..........              (no amulet)
HPRegen 0.12/turn               (no ring)
MPRegen 0.09/turn               (no ring)

@: no status effects
A: permanent stasis, dig shafts and tunnels, antennae 3, four strong arms
a: Dig, Shaft Self


You were on level 3 of the Dungeon.
You visited 1 branch of the dungeon, and saw 3 of its levels.

You collected 67 gold pieces.

Inventory:

Hand Weapons
 a - a +0 war axe (weapon)
Missiles
 g - 3 boomerangs
Armour
 b - a +0 scale mail (worn)
 c - a +0 buckler (worn)
Wands
 j - a wand of polymorph (8)
Scrolls
 f - a scroll of identify {unknown}
 h - a scroll of teleportation {unknown}
Potions
 d - a potion of might
 e - a potion of flight {unknown}
 i - 2 potions of heal wounds {unknown}


   Skills:
 * Level 3.9 Fighting
 * Level 2.6 Axes
 * Level 3.8 Armour
 * Level 4.6 Shields


You had 3 spell levels left.
You didn't know any spells.
Your spell library was empty.

Dungeon Overview and Level Annotations

Branches:
Dungeon (3/15)

Altars:

Annotations:
D:2 Sigmund
D:3 Robin


Innate Abilities, Weirdness & Mutations

You cannot be hasted, slowed, berserked, paralysed or teleported.
You can dig through walls and to a lower floor.
You have a pair of large antennae on your head. (SInv)
Your four strong arms can wield two-handed weapons with a shield.


Message History

You feel clever.
You are too injured to fight recklessly!
You are too injured to fight recklessly!
You barely miss the goblin. You miss the goblin. You slash the goblin!
You kill the goblin!
Robin throws the goblin at you! The goblin hits you but does no damage.
The goblin barely misses you. The goblin closely misses you.
You hit the goblin.
You kill the goblin!
You miss the goblin. You hit the goblin.
You kill the goblin!
Robin throws the goblin at you! The goblin hits you but does no damage.
The goblin hits you with a +0 dagger. The goblin barely misses you.
You slash the goblin!
You kill the goblin!
You miss the goblin. You closely miss the hobgoblin.
The hobgoblin closely misses you. The goblin closely misses you.
You hit the hobgoblin.
You kill the hobgoblin!
You slash the goblin!
You kill the goblin!
You closely miss the goblin.
Robin flexes a bicep menacingly.
The goblin hits you with a +0 club.
* * * LOW HITPOINT WARNING * * *
You closely miss Robin. You barely miss the goblin.
Robin throws the goblin at you!
* * * LOW HITPOINT WARNING * * *
The goblin hits you with a +0 club.
* * * LOW HITPOINT WARNING * * *
Unknown command.
You barely miss Robin. You barely miss the goblin.
The goblin barely misses you. Robin barely misses you.
The goblin closely misses you. You block the hobgoblin's attack.
You slash Robin!
Robin is heavily wounded.
You slash the hobgoblin!
You kill the hobgoblin!
You barely miss the goblin. Robin hits you with a +0 club.
You die...

#.# #
#########.#####.###
...................
#######.#.#†.......
#...#.###.### ##..#...#
..
########..###.##########
..........(.)g).....<..#
########..###@######.#.#
#.....#g#......#.#
#..{..#.##########
.....g{.#...#.#
......{.#...#.#
.??.g{.g#.#....
.....gg.#.#.#.#
........#.#.#.# {
g.......#.# #..


You could see Robin (resistant) and a goblin (strong).

Vanquished Creatures
  An adder (D:2)
  A worm (D:2)
  8 ball pythons
  4 endoplasms
  3 giant cockroaches (D:1)
  8 goblins
  5 hobgoblins
  A quokka (D:1)
  2 bats (D:1)
  2 frilled lizards (D:1)
  3 kobolds
  A rat (D:1)
39 creatures vanquished.

Notes
Turn   | Place    | Note
-------+----------+-------------------------------------------
     0 | D:1      | EarthwalkerPL the Formicid Fighter began the quest for the
                  | Orb.
     0 | D:1      | Reached XP level 1. HP: 18/18 MP: 1/1
   160 | D:1      | Found a faded altar of an unknown god.
   299 | D:1      | Reached XP level 2. HP: 23/24 MP: 2/2
   748 | D:1      | Reached XP level 3. HP: 15/29 MP: 3/3
  1346 | D:2      | Noticed Sigmund
  1552 | D:3      | Noticed Robin
  1566 | D:3      | Reached XP level 4. HP: 17/37 MP: 4/4
  1573 | D:3      | Slain by Robin

Illustrated notes

Levels and vault maps discovered:
D:1:      dpeg_arrival_more_subterranean_lakeside_camping, layout_basic,
          dreamdust_ecumenical_altar_grove
D:2:      layout_loops_ring, uniq_sigmund, uniq_terence
D:3:      layout_basic, mainiacjoe_overflow_big_doors, uniq_jessica,
          uniq_crazy_yiuf_cottage, uniq_robin

Action                   |  1- 3 |  4- 6 || total
-------------------------+-------+-------++-------
Melee: War axe           |    77 |     8 ||    85
Armor: Scale mail        |    38 |     4 ||    42
Dodge: Dodged            |    41 |     8 ||    49
Block: Buckler           |    25 |     1 ||    26
